 Dungeon Crawl Stone Soup version 0.31.0-11-ge490571c62 (webtiles) character file.

Game seed: 15322063105677243577

52059 jasper the Frost Mage (level 14, 0/82 HPs)
             Began as a Vampire Alchemist on Feb 2, 2024.
             Was a High Priest of Vehumet.
             Slain by an orc warrior
             ... wielding a +0 mace
             ... led by an orc warlord
              (2 damage)
             ... on level 1 of the Orcish Mines.
             The game lasted 00:34:41 (20583 turns).

jasper the Frost Mage (Vampire Alchemist)          Turns: 20583, Time: 00:34:41

Health: 0/82       AC:  8    Str: 12    XL:     14   Next: 25%
Magic:  3/27       EV: 16    Int: 29    God:    Vehumet [*****.]
Gold:   1836       SH:  0    Dex: 14    Spells: 1/31 levels left

rFire   . . .        Y - +8 dagger of Pandemonium {elec, Fly rPois Str+5}
rCold   + + +        (no shield)
rNeg    + + +        z - +0 robe {rC+}
rPois   ∞            (no helmet)
rElec   .            E - +0 cloak
rCorr   .            p - +2 pair of gloves
SInv    +            x - +1 pair of boots
Will    +....        (no amulet)
Stlth   +++++++      V - +4 ring of slaying
HPRegen 0.00/turn    M - +6 ring of intelligence
MPRegen 0.20/turn

%: no passive effects
@: flying, bloodless, inhibited regen
A: bloodless, fangs 3, see invisible, vampiric 2
a: Bat Form, Revivify, Renounce Religion


You were on level 1 of the Orcish Mines.
You worshipped Vehumet.
Vehumet was extremely pleased with you.
You visited 4 branches of the dungeon, and saw 18 of its levels.
You also visited: Ossuary and Ice Cave.

You collected 1891 gold pieces.
You spent 55 gold pieces at shops.

Inventory:

Hand Weapons
 Y - the +8 dagger of Pandemonium (weapon) {elec, Fly rPois Str+5}
   (You found it on level 1 of the Lair of Beasts)

   Str+5:     It affects your strength (+5).
   rPois:     It protects you from poison Fly: It grants you flight.
Missiles
 d - 118 stones
 T - a throwing net
Armour
 p - a +2 pair of gloves (worn)
 x - a +1 pair of boots (worn)
 z - a +0 robe of cold resistance (worn)
 E - a +0 cloak (worn)
Magical Staves
 l - a staff of alchemy
Jewellery
 e - a ring of flight
 f - a +6 ring of dexterity
 g - a +6 ring of strength
 h - a ring of fire
 m - a ring of ice
 n - a ring of protection from fire
 A - a ring of protection from cold
 B - a ring of magical power
 G - a +5 ring of evasion
 M - a +6 ring of intelligence (right hand)
 Q - a ring of protection from fire
 R - a ring of wizardry
 U - an amulet of faith
 V - a +4 ring of slaying (left hand)
 X - a ring of protection from cold
Wands
 a - a wand of digging (8)
 b - a wand of charming (12)
 F - a wand of roots (5)
 H - a wand of flame (61)
 O - a wand of light (1)
Scrolls
 c - a scroll of enchant weapon
 j - 4 scrolls of fear
 u - 3 scrolls of silence
 v - 4 scrolls of teleportation
 y - a scroll of brand weapon
 C - 2 scrolls of blinking
 I - 2 scrolls of revelation
 J - a scroll of enchant armour
 L - 2 scrolls of fog
 P - 2 scrolls of torment
 Z - 2 scrolls of poison
Potions
 i - 7 potions of brilliance
 k - a potion of invisibility
 o - 3 potions of haste
 q - 2 potions of might
 r - a potion of ambrosia
 s - 2 potions of attraction
 t - a potion of degeneration
 w - 2 potions of lignification
 D - 3 potions of enlightenment
 K - 4 potions of heal wounds
 N - 2 potions of curing
 S - a potion of magic
 W - a potion of resistance


   Skills:
 - Level 7.0 Fighting
 - Level 10.0 Short Blades
 - Level 8.5 Dodging
 - Level 11.9 Stealth
 - Level 9.0 Spellcasting
 - Level 5.0 Conjurations
 - Level 4.0 Fire Magic
 + Level 12.1 Ice Magic
 - Level 5.0 Air Magic
 - Level 10.0 Alchemy


You had one spell level left.
You knew the following spells:

 Your Spells              Type           Power      Damage    Failure   Level
a - Ozocubu's Refrigerat  Ice            35%        4d15      7%          7
b - Mephitic Cloud        Conj/Alch/Air  51%        N/A       1%          3
c - Olgreb's Toxic Radia  Alch           63%        N/A       1%          4
d - Ignite Poison         Fire/Alch      52%        N/A       1%          4
e - Sticky Flame          Fire/Alch      52%        2d9       1%          4
f - Swiftness             Air            42%        N/A       1%          3
g - Freezing Cloud        Conj/Ice/Air   27%        6-21      1%          5

Your spell library contained the following spells:

 Spells                   Type           Power      Damage    Failure   Level
 Iskenderun's Battlesphe  Conj           42%        2d9       4%          5
 Magic Dart               Conj           100%       1d8       1%          1
 Shock                    Conj/Air       100%       1d9       1%          1
 Sting                    Conj/Alch      100%       1d9       1%          1
 Apportation              Tloc           26%        N/A       4%          1
 Necrotise                Necr           52%        1d6       4%          1
 Summon Small Mammal      Summ           52%        N/A       4%          1
 Cigotuvi's Dreadful Rot  Necr/Alch/Air  84%        N/A       1%          2
 Ensorcelled Hibernation  Hex/Ice        96%        N/A       1%          2
 Mercury Vapours          Alch/Air       100%       N/A       1%          2
 Searing Ray              Conj           84%        2d7       1%          2
 Hailstorm                Conj/Ice       58%        3d11      1%          3
 Summon Ice Beast         Ice/Summ       48%        N/A       1%          3
 Fulminant Prism          Conj/Alch      27%        3d14      1%          4
 Alistair's Intoxication  Alch           42%        N/A       1%          5
 Jinxbite                 Hex            26%        N/A       6%          2
 Sculpt Simulacrum        Ice/Alch       33%        N/A       7%          6
 Call Canine Familiar     Summ           13%        N/A       12%         3
 Fugue of the Fallen      Necr           13%        N/A       12%         3
 Sigil of Binding         Hex            13%        N/A       12%         3
 Conjure Ball Lightning   Conj/Air       21%        3x3d6     21%         6
 Anguish                  Hex/Necr       6%         N/A       38%         4
 Dimensional Bullseye     Hex/Tloc       6%         N/A       38%         4
 Polar Vortex             Ice            35%        12d4*     99%         9
 Discord                  Hex            6%         N/A       100%        8
 Disjunction              Tloc           6%         N/A       100%        8


Dungeon Overview and Level Annotations

Branches:
Dungeon (12/15)            Temple (1/1) D:6            Lair (4/5) D:10
 Shoals (0/4) Lair:2       Spider (0/4) Lair:2        Slime (0/5) Lair:4
    Orc (1/2) D:12        Ossuary (visited)           IceCv (visited)

Altars:
Ashenzari
Cheibriados
Dithmenos
Fedhas
Gozag
Hepliaklqana
Kikubaaqudgha
Makhleb
Nemelex Xobeh
Okawaru
Qazlal
Ru
Sif Muna
Trog
Uskayaw
Vehumet
Wu Jian
Xom
Yredelemnul

Shops:
D:1 *   D:4 =


Innate Abilities, Weirdness & Mutations

You do not regenerate when monsters are visible.
You are frail without blood (-20% HP).
You can heal yourself when you bite living creatures.
You are immune to poison.
You have razor-sharp teeth.
You have supernaturally acute eyesight. (SInv)
You are afflicted with vampirism and can become a bat while bloodless.


Message History

Casting: Mephitic Cloud (safe; 1% risk of failure)
Confirm with . or Enter, or press ? or * to list all spells.
You begin to radiate toxic energy.
The orc is poisoned. x2
The orc warrior is poisoned.
You kill the orc!
Vehumet accepts your kill.
The orc warrior is poisoned. x2; The orc looks even sicker. x2
The orc warrior looks even sicker. x2; The orc barely misses you.
The orc warrior hits you but does no damage.
You puncture the orc!
You kill the orc!
Vehumet accepts your kill.
You kill the orc!
Vehumet accepts your kill.
Your toxic aura wanes.
The orc warrior hits you with a +0 flail!
The orc warrior hits you with a +0 mace!
The orc warrior hits you with a +0 war axe!
* * * LOW HITPOINT WARNING * * *
Items here: )) [ ††.
Unknown command.
Casting: Olgreb's Toxic Radiance (safe; 1% risk of failure)
Confirm with . or Enter, or press ? or * to list all spells.
You ignite the poison in your surroundings!
The orc warrior seems to burn from within!!!
You kill the orc warrior!
Vehumet accepts your kill.
You feel your power returning.
The orc warrior seems to burn from within!!
You kill the orc warrior!
Vehumet accepts your kill.
The orc warrior seems to burn from within!
The orc warrior is almost dead.
The orc warrior hits you with a +0 mace!
* * * LOW HITPOINT WARNING * * *
Unknown command.
You barely miss the orc warrior.
The orc warrior is almost dead.
The orc warrior hits you with a +0 mace.
You die...

### ##.##### #....#.##
####......## #.
.###.....#.## ...
........#...# ## .)..
^........#.## ###.#.....
.....###...####○)$))....
.....# #.....#.§@).)..#
.....####.....#o)....##
......##.....###......#
............## ##.....#
...........## #......
..##.....### #.....
...#....## #...#
....#...# ##.. ....#####


You could see an orc warrior.

Vanquished Creatures
  Kirke (Lair:4)
  An orc warlord (Orc:1)
  A hydra (Lair:3)
  An anaconda (Lair:3)
  6 death yaks (Lair:4)
  A catoblepas (Lair:1)
  A two-headed ogre (D:11)
  Urug (Lair:3)
  Amaemon (D:8)
  An orc knight (Orc:1)
  A harpy (Lair:2)
  A lindwurm (Lair:2)
  An oklob plant (Lair:4)
  A cyclops (D:12)
  A manticore (D:11)
  An ugly thing (D:12)
  An orc sorcerer (Orc:1)
  3 black mambas
  9 elephants (Lair:2)
  8 cane toads
  7 rime drakes
  2 ice devils (IceCv)
  An orange demon (D:8)
  3 kobold demonologists (D:10)
  Jeremiah (D:6)
  An unseen horror (D:11)
  3 komodo dragons
  3 trolls
  A hornet (D:9)
  3 polar bears
  5 blink frogs (Lair:4)
  3 vampires
  11 slime creatures
  A wraith (D:10)
  5 wyverns
  6 hogs (Lair:4)
  5 wargs (Orc:1)
  2 steam dragons
  2 basilisks
  69 yaks
  A redback (Lair:2)
  4 vampire mosquitoes (D:9)
  2 acid dragons
  35 water moccasins
  Duvessa (D:4)
  2 ice beasts
  2 sky beasts
  13 orc warriors
  5 black bears
  A wolf (Lair:1)
  5 centaurs
  An ogre (D:12)
  Blork the orc (D:6)
  7 kobold brigands
  16 bullfrogs
  2 cane toad simulacra
  10 scorpions
  Dowan (D:4)
  9 killer bees
  2 elephant simulacra (IceCv)
  4 electric eels (Lair:1)
  3 howler monkeys
  2 bombardier beetles
  3 orc priests
  2 gnoll boudas
  11 jellies
  5 iguanas
  4 sleepcaps
  11 orc wizards
  5 hell rats (Lair:3)
  A troll simulacrum (IceCv)
  A crocodile zombie (Ossuary)
  2 mummies (Ossuary)
  8 gnolls
  26 adders
  A white imp (IceCv)
  2 ufetubi (D:6)
  3 dart slugs
  55 orcs
  8 ball pythons
  18 endoplasms
  4 giant cockroaches
  6 goblins
  4 hobgoblins
  5 jackals
  4 quokkas
  A ball python zombie (Ossuary)
  3 bats
  3 frilled lizards
  25 kobolds
  7 rats
533 creatures vanquished.

Notes
Turn   | Place    | Note
-------+----------+-------------------------------------------
     0 | D:1      | jasper the Vampire Alchemist began the quest for the Orb.
     0 | D:1      | Reached XP level 1. HP: 13/13 MP: 3/3
   224 | D:1      | Found Joiro's Assorted Antiques.
   228 | D:1      | Reached XP level 2. HP: 19/19 MP: 3/5
   291 | D:1      | You fall into a shaft and drop 1 floor!
   506 | D:2      | Noticed a bombardier beetle
   556 | D:2      | Gained mutation: You are afflicted with vampirism and can
                  | become a bat while bloodless. [Vampire growth]
   556 | D:2      | Reached XP level 3. HP: 22/24 MP: 3/6
   560 | D:2      | Learned a level 3 spell: Mephitic Cloud
   592 | D:2      | Reached skill level 1 in Conjurations
   592 | D:2      | Reached skill level 1 in Air Magic
   804 | D:2      | Reached XP level 4. HP: 28/30 MP: 1/7
  1110 | D:2      | Reached skill level 5 in Alchemy
  1849 | D:1      | Bought a fuming orange potion for 17 gold pieces
  1849 | D:1      | Bought a scroll labelled LADIYQ DIOMERE for 19 gold pieces
  1849 | D:1      | Bought a scroll labelled NIZETA BAISCH for 19 gold pieces
  2394 | D:3      | Found an ancient bone altar of Kikubaaqudgha.
  3190 | D:4      | Reached XP level 5. HP: 35/35 MP: 3/8
  3247 | D:4      | Learned a level 4 spell: Olgreb's Toxic Radiance
  3432 | D:4      | Found Saiff's Jewellery Shoppe.
  3652 | D:4      | Noticed Duvessa
  3652 | D:4      | Noticed Dowan
  3676 | D:4      | Killed Dowan
  3677 | D:4      | Reached XP level 6. HP: 20/41 MP: 9/9
  3677 | D:4      | Killed Duvessa
  3883 | D:4      | Found a shimmering blue altar of Sif Muna.
  3945 | D:5      | Entered Level 5 of the Dungeon
  4012 | D:5      | Reached XP level 7. HP: 25/46 MP: 3/11
  4017 | D:5      | Learned a level 4 spell: Ignite Poison
  5199 | D:6      | Reached skill level 5 in Spellcasting
  5206 | D:6      | Learned a level 4 spell: Sticky Flame
  5210 | D:6      | Found a sand-covered staircase.
  5215 | Ossuary  | Entered an ossuary
  5240 | Ossuary  | Reached skill level 1 in Fire Magic
  5342 | D:6      | Noticed Blork the orc
  5345 | D:6      | Killed Blork the orc
  5461 | D:6      | Reached XP level 8. HP: 30/52 MP: 1/15
  5666 | D:6      | Noticed Jeremiah
  5674 | D:6      | Killed Jeremiah
  5788 | D:6      | Found a staircase to the Ecumenical Temple.
  5827 | Temple   | Entered the Ecumenical Temple
  5843 | Temple   | Became a worshipper of Vehumet
  6503 | D:7      | Reached skill level 5 in Short Blades
  6842 | D:7      | Reached XP level 9. HP: 38/57 MP: 3/16
  7305 | D:7      | Found a hide-covered altar of Uskayaw.
  7409 | D:7      | Found a bloodstained altar of Trog.
  7661 | D:8      | Reached * piety under Vehumet
  7661 | D:8      | Offered knowledge of Kiss of Death by Vehumet.
  7810 | D:8      | Found a shadowy altar of Dithmenos.
  8087 | D:8      | Noticed Amaemon
  8088 | D:8      | Noticed an orange demon
  8093 | D:8      | Killed an orange demon
  8104 | D:8      | Killed Amaemon
  8105 | D:8      | Reached skill level 10 in Short Blades
  8105 | D:8      | Reached skill level 1 in Fighting
  8232 | D:8      | Reached skill level 5 in Stealth
  8232 | D:8      | Reached XP level 10. HP: 53/53 MP: 5/17
  8470 | D:8      | Reached ** piety under Vehumet
  8470 | D:8      | Offered knowledge of Shock by Vehumet.
  9460 | D:9      | Offered knowledge of Stone Arrow by Vehumet.
  9465 | D:9      | Reached skill level 5 in Dodging
  9784 | D:9      | Got Meeridgh's Information on Anemomancy
  9922 | D:10     | Entered Level 10 of the Dungeon
  9942 | D:10     | Reached *** piety under Vehumet
 10068 | D:10     | Reached skill level 5 in Fighting
 10165 | D:10     | Reached XP level 11. HP: 53/64 MP: 12/18
 10206 | D:10     | Offered knowledge of Dazzling Flash by Vehumet.
 10353 | D:10     | Reached skill level 10 in Stealth
 10398 | D:10     | Identified the +0 scale mail of Saugyf {Harm Rampage Int+5}
 10405 | D:10     | Found a staircase to the Lair.
 10600 | D:10     | Identified a scroll of acquirement
 10600 | D:10     | Acquired 557 gold pieces
 11114 | D:11     | Noticed a two-headed ogre
 11120 | D:11     | Killed a two-headed ogre
 11925 | Lair:1   | Entered Level 1 of the Lair of Beasts
 12031 | Lair:1   | Learned a level 3 spell: Swiftness
 12147 | Lair:1   | Noticed a catoblepas
 12158 | Lair:1   | Killed a catoblepas
 12168 | Lair:1   | Reached **** piety under Vehumet
 12292 | Lair:1   | Identified the +8 dagger of Pandemonium {elec, Fly rPois
                  | Str+5}
 12487 | Lair:1   | Learned a level 5 spell: Freezing Cloud
 12641 | Lair:1   | Offered knowledge of Lee's Rapid Deconstruction by Vehumet.
 12845 | Lair:1   | Reached XP level 12. HP: 55/72 MP: 11/22
 13388 | Lair:2   | Found a staircase to the Shoals.
 13454 | Lair:2   | Reached skill level 5 in Conjurations
 13654 | Lair:2   | Reached ***** piety under Vehumet
 13654 | Lair:2   | Offered knowledge of Iskenderun's Mystic Blast by Vehumet.
 13655 | Lair:2   | Reached skill level 5 in Air Magic
 13658 | Lair:2   | Reached skill level 1 in Ice Magic
 13739 | Lair:2   | Found a frozen archway.
 13759 | Lair:2   | Reached skill level 2 in Ice Magic
 13777 | Lair:2   | Reached skill level 3 in Ice Magic
 13784 | IceCv    | Entered an ice cave
 13918 | IceCv    | Reached skill level 4 in Ice Magic
 14163 | Lair:2   | Reached skill level 5 in Ice Magic
 14394 | Lair:2   | Reached skill level 6 in Ice Magic
 14836 | Lair:2   | Found a hole to the Spider Nest.
 15353 | Lair:3   | Reached XP level 13. HP: 64/76 MP: 18/25
 15399 | Lair:3   | Learned a level 6 spell: Sculpt Simulacrum
 16143 | Lair:3   | Noticed Urug
 16150 | Lair:3   | Killed Urug
 16829 | Lair:4   | Offered knowledge of Fireball by Vehumet.
 16830 | Lair:4   | Reached skill level 10 in Alchemy
 16928 | Lair:4   | Reached skill level 7 in Ice Magic
 17023 | Lair:4   | Reached skill level 8 in Ice Magic
 17101 | Lair:4   | Found a staircase to the Slime Pits.
 17107 | Lair:4   | Noticed Kirke
 17113 | Lair:4   | Noticed a sphinx
 17121 | Lair:4   | Killed Kirke
 17122 | Lair:4   | Reached skill level 9 in Ice Magic
 17176 | Lair:4   | Found the +27 heavy crossbow "Sniper" {heavy, Acc+∞ SInv}
 17432 | Lair:4   | Reached skill level 10 in Ice Magic
 18591 | D:12     | Offered knowledge of Iskenderun's Battlesphere by Vehumet.
 18620 | D:12     | Reached XP level 14. HP: 75/82 MP: 24/27
 18623 | D:12     | Found a staircase to the Orcish Mines.
 18979 | D:12     | Reached skill level 11 in Ice Magic
 19037 | D:12     | Learned a level 7 spell: Ozocubu's Refrigeration
 20007 | Orc:1    | Entered Level 1 of the Orcish Mines
 20559 | Orc:1    | Noticed an orc warlord
 20576 | Orc:1    | Killed an orc warlord
 20577 | Orc:1    | Reached skill level 12 in Ice Magic
 20582 | Orc:1    | HP: 2/82 [orc warrior/+0 mace[an orc warlord] (9)]
 20583 | Orc:1    | Slain by an orc warrior

Illustrated notes

Levels and vault maps discovered:
D:1:      reono_arrival_mine, layout_rooms, serial_shops, nicolae_shop_peninsula
D:2:      layout_basic
D:3:      layout_basic, nicolae_overflow_hidden_temple
D:4:      layout_cave_pools, tgw_sif, serial_shops, nicolae_shop_gaudy_bauble,
          uniq_duvessa
D:5:      layout_basic
D:6:      layout_gridville, minmay_temple_entry_junction,
          lightli_ossuary_entry_decrepit_ruins, uniq_blork_the_orc,
          uniq_jeremiah
D:7:      layout_rooms, nicolae_overflow_crystal_walls, trog_butcher_becter,
          minmay_misc_feat_four_crosses
D:8:      layout_basic, kennysheep_mini, special_room [special_room_orc],
          columned_hall_lemuel, uniq_amaemon
D:9:      layout_roguey, grunt_temple_overflow_open, minivault_19
D:10:     layout_basic, due_lair_maze_entry_diamond
D:11:     layout_roguey
D:12:     layout_irregular_city, erik_orc_3
Temple:   nicolae_temple_bog_church
Lair:1:   lemuel_reptile_caves, layout_regular_city, st_stairs_4,
          chequers_serial_rivers_small_b, fungi_pond_lemuel,
          serial_bayou_shore_a
Lair:2:   layout_cave_pods, nicolae_shoals_entry_roost, spider_nest_entry_webs,
          portal_ice_cave_entry_ice_simulacra, grunt_megastairs_2
Lair:3:   layout_layer_cave, chequers_serial_rivers_micro_a,
          hellmonk_talismancer, uniq_urug
Lair:4:   lemuel_slime, layout_regular_city, slime_entry_1, grunt_megastairs_5,
          uniq_kirke
Orc:1:    layout_diamond_mine, nooodl_orcs_dogs

Skill      XL: |  1  2  3  4  5  6  7  8  9 10 11 12 13 14 |
---------------+-------------------------------------------+-----
Alchemy        | 4 5 6 7 10 | 10.0
Conjurations   | 1 2 3 5 |  5.0
Air Magic      | 1 2 5 |  5.0
Spellcasting   | 3 5 7 8 9 |  9.0
Fire Magic     | 2 4 |  4.0
Short Blades   | 6 10 | 10.0
Fighting       | 2 5 7 |  7.0
Dodging        | 3 6 8 |  8.5
Stealth        | 5 9 11 | 11.9
Ice Magic      | 6 10 12 | 12.1

Action                     |  1- 3 |  4- 6 |  7- 9 | 10-12 | 13-15 || total
---------------------------+-------+-------+-------+-------+-------++-------
  Melee: Unarmed           |     3 |       |       |       |       ||     3
         Dagger            |     9 |       |    32 |   170 |   109 ||   320
         Bite              |     2 |     7 |    15 |    16 |    14 ||    54
         Short sword       |       |    36 |    34 |       |       ||    70
         Punch             |       |     1 |     1 |     2 |     2 ||     6
   Cast: Sting             |    39 |    79 |    24 |     2 |       ||   144
         Mephitic Cloud    |       |     1 |     1 |     6 |     3 ||    11
         Olgreb's Toxic Ra |       |     3 |    34 |    58 |    53 ||   148
         Sticky Flame      |       |       |     5 |    36 |     6 ||    47
         Ignite Poison     |       |       |    21 |    48 |    29 ||    98
         Freezing Cloud    |       |       |       |     3 |    25 ||    28
         Ozocubu's Refrige |       |       |       |       |     3 ||     3
         Swiftness         |       |       |       |       |     1 ||     1
         Sculpt Simulacrum |       |       |       |       |     1 ||     1
Ability: Exsanguinate      |       |       |     1 |       |       ||     1
    Use: Scroll            |       |     9 |     8 |     9 |     6 ||    32
         Potion            |       |     3 |     2 |     1 |       ||     6
   Stab: Invisible         |       |     3 |       |       |       ||     3
         Sleeping          |       |       |       |    24 |    13 ||    37
         Distracted        |       |       |       |     1 |       ||     1
         Petrified         |       |       |       |     1 |       ||     1
         Confused          |       |       |       |       |     1 ||     1
 Armour: Robe              |     9 |    18 |    41 |   126 |    71 ||   265
  Dodge: Dodged            |    12 |    30 |    47 |   130 |    83 ||   302
